 Dungeon Crawl Stone Soup version 0.21-a0-531-gacddea6 (webtiles) character file.

174 Amnesiac the Vexing (level 5, 0/29 HPs)
             Began as a Deep Elf Arcane Marksman on Dec 12, 2017.
             Slain by a worm (7 damage)
             ... on level 3 of the Dungeon.
             The game lasted 00:05:03 (3010 turns).

Amnesiac the Vexing (Deep Elf Arcane Marksman)      Turns: 3010, Time: 00:05:03

Health: 0/29       AC:  3    Str:  8    XL:     5   Next: 28%
Magic:  9/11       EV: 13    Int: 18    God:
Gold:   107        SH:  0    Dex: 15    Spells: 2/9 levels left

rFire    . . .     SeeInvis .   a - +0 shortbow
rCold    . . .     Gourm    .   (shield currently unavailable)
rNeg     + . .     Faith    +   e - +0 robe
rPois    .         Spirit   .   (no helmet)
rElec    .         Reflect  .   o - +0 cloak
rCorr    .         Harm     .   (no gloves)
MR       .....                  (no boots)
Stlth    +.........             n - amulet of faith (curse)
HPRegen  0.09/turn              h - ring of positive energy
MPRegen  0.12/turn              (no ring)

@: no status effects
A: no striking features
a: no special abilities


You were on level 3 of the Dungeon.
You were not hungry.

You visited 1 branch of the dungeon, and saw 3 of its levels.

You collected 107 gold pieces.

Inventory:

Hand Weapons
 a - a +0 shortbow (weapon)
 b - a +0 short sword
Missiles
 i - 14 stones (quivered)
 q - a throwing net
Armour
 e - a +0 robe (worn)
 o - a +0 cloak (worn)
Jewellery
 h - a ring of positive energy (left hand)
 n - a cursed amulet of faith (around neck)
Scrolls
 g - 3 scrolls of amnesia {!r}
 p - a scroll of magic mapping {!r, unknown}
 r - a scroll of noise {!r, unknown}
Potions
 j - a potion of haste {!q}
 k - a potion of brilliance {!q}
Books
 c - a book of Debilitation

   Spells                             Type                      Level
   a - Corona                         Hexes                        1
   b - Slow                           Hexes                        2
   c - Inner Flame                    Hexes/Fire                   3
   d - Portal Projectile              Hexes/Translocation          3
   e - Cause Fear                     Hexes                        4
   f - Leda's Liquefaction            Hexes/Earth                  4
Comestibles
 f - a bread ration
 l - 3 chunks of flesh


   Skills:
 + Level 1.6 Fighting
 * Level 3.9 Bows
 + Level 3.3 Dodging
 + Level 2.7 Spellcasting
 * Level 5.3 Hexes


You had 2 spell levels left.
You knew the following spells:

 Your Spells              Type           Power        Failure   Level  Hunger
a - Corona                Hex            ###....      1%          1    #......
b - Cause Fear            Hex            ###.......   19%         4    #####..
e - Slow                  Hex            ###.....     2%          2    ##.....


Dungeon Overview and Level Annotations

Branches:
Dungeon (3/15)

Altars:


Message History

The worm is almost dead.
The worm bites you.
Firing (i - inventory. (,) - cycle):
d - 2 arrows (quivered)
Press: ? - help, Shift-Dir - straight line, f/p - worm
Aim: a worm (almost dead, softly glowing)
You shoot an arrow. The arrow hits the worm.
The worm is almost dead.
The worm stops glowing.
Firing (i - inventory. (,) - cycle):
d - an arrow (quivered)
Press: ? - help, Shift-Dir - straight line, f/p - worm
Aim: a worm (almost dead)
You shoot an arrow. The arrow hits the worm.
The worm is almost dead.
The worm barely misses you.
Casting: Corona
Confirm with . or Enter, or press ? or * to list all spells.
Aiming: Corona
Press: ? - help, Shift-Dir - straight line, f/p - worm
Aim: a worm (almost dead, chance to defeat MR: 68%)
The worm is outlined in light.
The worm bites you.
Throwing (i - inventory. (,) - cycle):
i - 20 stones (quivered)
Press: ? - help, Shift-Dir - straight line, f/p - worm
Aim: a worm (almost dead, softly glowing)
You throw a stone.
The stone hits the worm but does no damage.
The worm is almost dead.
Throwing (i - inventory. (,) - cycle):
i - 19 stones (quivered)
Press: ? - help, Shift-Dir - straight line, f/p - worm
Aim: a worm (almost dead, softly glowing)
You throw a stone.
The stone hits the worm but does no damage.
The worm is almost dead.
The worm bites you.
* * * LOW HITPOINT WARNING * * *
Throwing (i - inventory. (,) - cycle):
i - 18 stones (quivered)
Press: ? - help, Shift-Dir - straight line, f/p - worm
Aim: a worm (almost dead, softly glowing)
You throw a stone. The stone hits the worm.
The worm is almost dead.
The worm closely misses you.
Throwing (i - inventory. (,) - cycle):
i - 17 stones (quivered)
Press: ? - help, Shift-Dir - straight line, f/p - worm
Aim: a worm (almost dead, softly glowing)
You throw a stone.
The stone hits the worm but does no damage.
The worm is almost dead.
Throwing (i - inventory. (,) - cycle):
i - 16 stones (quivered)
Press: ? - help, Shift-Dir - straight line, f/p - worm
Aim: a worm (almost dead, softly glowing)
You throw a stone.
The stone hits the worm but does no damage.
The worm is almost dead.
The worm bites you!
* * * LOW HITPOINT WARNING * * *
You are too injured to fight recklessly!
You are too injured to fight recklessly!
You are too injured to fight recklessly!
Throwing (i - inventory. (,) - cycle):
i - 15 stones (quivered)
Press: ? - help, Shift-Dir - straight line, f/p - worm
Aim: a worm (severely wounded, softly glowing)
You throw a stone. The stone hits the worm.
The worm is almost dead.
The worm bites you!
You die...

#........#
#........#
#........#
#.<......###
#####.#....#
#.#)...# #
#.#....#
....#.##...#
#(((w@...#
###......#
#...##...#
....########
#.# #


You could see a worm.

Vanquished Creatures
  Jessica (D:2)
  Natasha (D:2)
  3 gnolls (D:2)
  3 adders (D:2)
  An ooze (D:1)
  3 worms
  2 dart slugs
  A leopard gecko (D:1)
  2 orcs
  6 bats
  A giant cockroach (D:2)
  6 goblins
  4 jackals (D:2)
  4 frilled lizards
  9 kobolds
  5 rats
52 creatures vanquished.

Notes
Turn   | Place    | Note
-------+----------+-------------------------------------------
     0 | D:1      | Amnesiac the Deep Elf Arcane Marksman began the quest for the Orb.
     0 | D:1      | Reached XP level 1. HP: 11/11 MP: 5/5
   314 | D:1      | Reached XP level 2. HP: 13/16 MP: 4/6
   318 | D:1      | Learned a level 2 spell: Slow
   382 | D:1      | Reached skill level 1 in Fighting
   700 | D:1      | Reached XP level 3. HP: 20/20 MP: 5/7
   888 | D:2      | Noticed Jessica
   903 | D:2      | Killed Jessica
  1234 | D:2      | Reached XP level 4. HP: 17/25 MP: 6/9
  1347 | D:2      | Learned a level 4 spell: Cause Fear
  1415 | D:2      | Noticed Natasha
  1418 | D:2      | Reached skill level 5 in Hexes
  2005 | D:2      | Killed Natasha
  2005 | D:2      | Reached XP level 5. HP: 4/29 MP: 8/11
  3010 | D:3      | Slain by a worm

Vault maps used:
D:1:      minmay_arrival_widening_spiral_wide
D:2:      uniq_jessica, uniq_natasha
D:3:      first_bread, uniq_terence

Skill      XL: |  1  2  3  4 |
---------------+-------------+-----
Fighting       | 1 |  1.6
Spellcasting   | 2 |  2.7
Bows           | 3 |  3.9
Dodging        | 3 |  3.3
Hexes          | 5 |  5.3

Action                   |  1- 3 |  4- 6 || total
-------------------------+-------+-------++-------
Melee: Short sword       |     1 |     4 ||     5
 Fire: Shortbow          |    81 |    88 ||   169
Throw: Stone             |       |     6 ||     6
 Cast: Corona            |    22 |    23 ||    45
       Slow              |     4 |    12 ||    16
  Use: Scroll            |       |     3 ||     3
       Potion            |       |     2 ||     2
  Eat: Chunk             |     1 |     4 ||     5
       Meat ration       |       |     1 ||     1
       Fruit             |       |     1 ||     1
Armor: Robe              |     5 |     5 ||    10
Dodge: Dodged            |    21 |    35 ||    56

Table legend:
 A = Spawn XP
 B = Non-spawn XP
 C = Spawn XP percentage of total XP
 D = Spawn monster count
 E = Non-spawn monster count
 F = Spawn count percentage of total count
 G = Total turns spent on level
                    A         B        C        D         E        F      G
               +---------+---------+-------+---------+---------+-------+---------
         Total |       0 |     249 |   0.0 |       0 |      52 |   0.0 |  3010
               +---------+---------+-------+---------+---------+-------+---------
           D:1 |       0 |      47 |   0.0 |       0 |      23 |   0.0 |  1072
           D:2 |       0 |     197 |   0.0 |       0 |      27 |   0.0 |  1892
           D:3 |       0 |       5 |   0.0 |       0 |       2 |   0.0 |    46
               +---------+---------+-------+---------+---------+-------+---------
